 Dungeon Crawl Stone Soup version 0.28.0-1-gb440e238dd (webtiles) character file.

Game seed: 5483220116102545627

722 graymark the Ducker (level 7, -7/55 HPs)
             Began as a Demonspawn Gladiator on Feb 22, 2022.
             Was a Believer of Wu Jian.
             Killed from afar by a steam dragon (18 damage)
             ... with a ball of steam
             ... on level 4 of the Dungeon.
             The game lasted 00:12:34 (4499 turns).

graymark the Ducker (Demonspawn Gladiator)          Turns: 4499, Time: 00:12:35

Health: -7/55      AC:  6    Str: 16    XL:     7   Next: 43%
Magic:  7/7        EV: 12    Int: 10    God:    Wu Jian [**....]
Gold:   52         SH:  0    Dex: 14    Spells: 6/6 levels left

rFire   . . .      SeeInvis .   a - +0 war axe
rCold   . . .      Faith    .   (no shield)
rNeg    . . .      Spirit   .   f - +0 ring mail
rPois   .          Reflect  .   c - +0 helmet
rElec   .          Harm     .   (no cloak)
rCorr   .          Rampage  .   (no gloves)
Will    .....                   (no boots)
Stlth   +.........              (no amulet)
HPRegen 0.18/turn               (no ring)
MPRegen 0.10/turn               (no ring)

@: no status effects
A: hooves 1, ignite blood 1, powered by pain 1
a: Renounce Religion, Wall Jump


You were on level 4 of the Dungeon.
You worshipped Wu Jian.
Wu Jian was pleased with you.
You visited 1 branch of the dungeon, and saw 4 of its levels.

You collected 136 gold pieces.
You spent 84 gold pieces at shops.

Inventory:

Hand Weapons
 a - a +0 war axe (weapon)
Missiles
 d - a throwing net (quivered)
 o - 5 boomerangs
Armour
 b - a +0 leather armour
 c - a +0 helmet (worn)
 f - a +0 ring mail (worn)
Magical Staves
 h - a staff of conjuration
Wands
 e - a wand of polymorph (4)
Scrolls
 j - 3 scrolls of fear
 p - a scroll of blinking {unknown}
Potions
 g - a potion of magic {unknown}
 l - 2 potions of flight
 q - a potion of attraction {unknown}


   Skills:
 + Level 4.5 Fighting
 + Level 4.6 Axes
 - Level 1.7 Throwing
 + Level 3.4 Armour
 + Level 4.6 Dodging


You had 6 spell levels left.
You didn't know any spells.
Your spell library contained the following spells:

 Spells                   Type           Power      Damage    Failure   Level
 Animate Skeleton         Necr           0%         N/A       56%         1
 Pain                     Necr           0%         1d4       56%         1
 Vampiric Draining        Necr           0%         2d6       91%         3


Dungeon Overview and Level Annotations

Branches:
Dungeon (4/15)
 Temple: D:4-7

Altars:
Wu Jian
Xom

Shops:
D:4 [(**


Innate Abilities, Weirdness & Mutations

You have large cloven feet.
Your demonic aura sometimes causes spilled blood to erupt in flames.
You sometimes gain a little power by taking damage.


Message History

Okay, then.
e - a wand of polymorph (4)
Found 12 gold pieces.
Found a whip.
You now have 38 gold pieces (gained 12).
Found a chain mail.
You now have 52 gold pieces (gained 14).
The steam dragon breathes steam at you. The ball of steam hits you!
You barely miss the steam dragon.
You are engulfed in a cloud of scalding steam.
The steam dragon closely misses you.
The steam dragon claws you but does no damage.
The steam dragon barely misses you. The steam dragon claws you.
You spin and attack the steam dragon.
You barely miss the steam dragon. Your kick misses the steam dragon.
The steam dragon bites you!
* * * LOW HITPOINT WARNING * * *
The steam dragon closely misses you. The steam dragon breathes steam at you.
The ball of steam hits you!
* * * LOW HITPOINT WARNING * * *
You feel better.
Throw: 3 throwing nets
Press: ? - help, Q - select action, (/) - cycle Shift-Dir - straight line, f - steam dragon
Aim: a steam dragon (60% to hit)
Okay, then.
Throw: 3 throwing nets
Press: ? - help, Q - select action, (/) - cycle Shift-Dir - straight line, f - steam dragon
Aim: a steam dragon (60% to hit)
You throw a throwing net.
The throwing net barely misses the steam dragon.
Throw: 2 throwing nets
Press: ? - help, Q - select action, (/) - cycle Shift-Dir - straight line, f/p - steam dragon
Aim: a steam dragon (60% to hit)
You throw a throwing net. The throwing net hits the steam dragon.
The steam dragon is caught in the net!
The steam dragon struggles against the net.
The steam dragon breathes steam at you. The ball of steam hits you!!
You die...

,*,,,,,,,.....# ##...............
*****..,,*....###.......##.......
**,,,...**#...........#**#.....##
,,,,*##.###...........# #.....##
,,*,*#................##*#...#...
,***##.................#....##...
,* #.......[.....##......##*#...
** *#........[....#*##..##*##....
* *........[)..@####...###....##
*#.......#.##§###...#.........
****..........##.§.#..##.........
,,,,..#.#.##...##.D..............
**,,.,####*#..#####..............
*,,,,,,****......##....#.........
*,,**,,,*,.............#.........
,,,*,,,,,,......##........##.....
,,**,,**,,,...,,*##.<..(.........


There were no monsters in sight!

Vanquished Creatures
  Grinder (D:4)
  An ogre (D:4)
  A black bear (D:3)
  4 wights (D:3)
  An orc wizard (D:4)
  5 adders
  4 gnolls
  A shadow imp (D:3)
  A dart slug (D:1)
  4 orcs
  7 ball pythons
  3 endoplasms
  A giant cockroach (D:1)
  4 goblins
  5 hobgoblins
  5 jackals
  2 quokkas (D:3)
  7 bats
  A frilled lizard (D:1)
  8 kobolds
  12 rats
78 creatures vanquished.

Notes
Turn   | Place    | Note
-------+----------+-------------------------------------------
     0 | D:1      | graymark the Demonspawn Gladiator began the quest for the
                  | Orb.
     0 | D:1      | Reached XP level 1. HP: 16/16 MP: 1/1
   297 | D:1      | Gained mutation: You have large cloven feet. [demonic
                  | ancestry]
   297 | D:1      | Reached XP level 2. HP: 21/22 MP: 2/2
   932 | D:1      | Found a faded altar of an unknown god.
   939 | D:1      | Prayed at the altar of an unknown god.
   939 | D:1      | Became a worshipper of the Wu Jian Council
   939 | D:1      | Reached * piety under Wu Jian
  1132 | D:1      | Reached XP level 3. HP: 23/28 MP: 3/3
  1354 | D:2      | Reached skill level 1 in Armour
  1431 | D:2      | Found an ornate altar of the Wu Jian Council.
  1713 | D:2      | Found a shimmering altar of Xom.
  2058 | D:3      | Reached XP level 4. HP: 19/34 MP: 4/4
  2305 | D:3      | Reached ** piety under Wu Jian
  2393 | D:3      | Reached XP level 5. HP: 26/41 MP: 5/5
  2401 | D:3      | HP: 2/58 [wight (9)]
  2883 | D:3      | Noticed a black bear
  2887 | D:3      | Killed a black bear
  2888 | D:3      | Gained mutation: Your demonic aura sometimes causes spilled
                  | blood to erupt in flames. [demonic ancestry]
  2888 | D:3      | Reached XP level 6. HP: 42/47 MP: 6/6
  3248 | D:4      | Noticed Grinder
  3347 | D:4      | Noticed a steam dragon
  3659 | D:4      | Found Kiuh's General Store.
  3659 | D:4      | Found Beimebi's Weapon Shoppe.
  3665 | D:4      | Found Kyrap's Assorted Antiques.
  3667 | D:4      | Found Aros's Antique Armour Shoppe.
  3709 | D:4      | Bought a potion of curing for 84 gold pieces
  4015 | D:4      | Gained mutation: You sometimes gain a little power by
                  | taking damage. [demonic ancestry]
  4015 | D:4      | Reached XP level 7. HP: 44/54 MP: 7/7
  4058 | D:4      | Paralysed by Grinder for 4 turns
  4081 | D:4      | Killed Grinder
  4142 | D:4      | HP: 2/55 [steam dragon/ball of steam (23)]
  4491 | D:4      | HP: 1/55 [steam dragon/ball of steam (14)]
  4499 | D:4      | Killed from afar by a steam dragon

Illustrated notes

Levels and vault maps discovered:
D:1:      minmay_arrival_four_houses, layout_basic,
          dilly_ecumenical_altar_fadedgnrine
D:2:      layout_basic, basic_altar, kennysheep_flooded_box, serial_park_tiny_1
D:3:      wander_river, layout_loops_ring, st_stairs_1
D:4:      layout_cave_pools, minmay_shop_grid_forest, uniq_edmund, uniq_grinder

Skill      XL: |  1  2  3  4  5  6 |
---------------+-------------------+-----
Axes           | 3 4 |  4.6
Dodging        | 3 4 |  4.6
Armour         | 1 2 3 |  3.4
Fighting       | 3 4 |  4.5
Throwing       | |  1.7

Action                   |  1- 3 |  4- 6 |  7- 9 || total
-------------------------+-------+-------+-------++-------
Melee: War axe           |   107 |    83 |    11 ||   201
       Kick              |    19 |    21 |     3 ||    43
       Punch             |     1 |     1 |       ||     2
Throw: Throwing net      |       |       |     2 ||     2
Invok: Lunge             |    10 |     8 |       ||    18
       Whirlwind         |       |       |     1 ||     1
  Use: Scroll            |     3 |     1 |     4 ||     8
       Potion            |     1 |     3 |     3 ||     7
Armor: Ring mail         |    50 |    29 |     3 ||    82
       Leather armour    |     8 |       |       ||     8
       Skin              |       |       |     1 ||     1
Dodge: Dodged            |    85 |    51 |     3 ||   139
